 Dungeon Crawl Stone Soup version 0.32-a0-933-ga8fa3634e4 (webtiles) character file.

Game seed: 10939079878174962390

254 Biggs the Ruffian (level 5, -6/50 HPs)
             Began as a Troll Fighter on Apr 15, 2024.
             Mangled by an ice beast (9 damage)
             ... on level 6 of the Dungeon.
             The game lasted 00:07:23 (1287 turns).

Biggs the Ruffian (Troll Fighter)                   Turns: 1287, Time: 00:07:24

Health: -6/50      AC:  4    Str: 26    XL:     5   Next: 90%
Magic:  4/4        EV:  7    Int:  4    God:
Gold:   137        SH: 12    Dex:  9    Spells: 4/4 levels left

rFire   . .          .
                       - Unarmed
rCold   . . .        b - +0 kite shield
rNeg    . . .        a - +0 robe
rPois   .            (helmet restricted)
rElec   .            (no cloak)
rCorr   .            (gloves unavailable)
SInv    .            (boots unavailable)
Will    .....        g - amulet of reflection
Stlth   +            (no ring)
HPRegen 1.08/turn    (no ring)
MPRegen 0.09/turn

%: reflection
@: no status effects
A: large, unfitting armour, claws 3, regeneration 1, shaggy fur 1, tough skin 1
a: no special abilities


You were on level 6 of the Dungeon.
You visited 1 branch of the dungeon, and saw 6 of its levels.

You collected 137 gold pieces.

Inventory:

Armour
 a - a +0 robe (worn)
 b - a +0 kite shield (worn)
Jewellery
 g - an amulet of reflection (around neck)
Wands
 k - a wand of charming (10)
Scrolls
 d - 2 scrolls of teleportation {unknown}
 f - 2 scrolls of revelation {unknown}
 j - a scroll of noise {unknown}
 l - a scroll of amnesia {unknown}
 n - 2 scrolls of identify {unknown}
 o - a scroll of fear {unknown}
 p - a scroll of vulnerability {unknown}
Potions
 c - 2 potions of might
 e - 2 potions of attraction {unknown}
 h - 2 potions of curing {unknown}
 i - 2 potions of resistance {unknown}
 m - 4 potions of haste {unknown}


   Skills:
 - Level 2.4 Fighting
 - Level 2.4 Dodging
 - Level 2.6 Shields
 + Level 6.3 Unarmed Combat


You had 4 spell levels left.
You didn't know any spells.
Your spell library contained the following spells:

 Spells                   Type           Power      Damage    Failure   Level
 Blink                    Tloc           0%         N/A       88%         2
 Lesser Beckoning         Tloc           0%         N/A       88%         2
 Momentum Strike          Conj/Tloc      0%         3d8       88%         2


Dungeon Overview and Level Annotations

Branches:
Dungeon (6/15)
 Temple: D:4-7

Altars:
Hepliaklqana

Shops:
D:4 (


Innate Abilities, Weirdness & Mutations

You are too large for most types of armour.
You have claws for hands.
Your natural rate of healing is unusually fast.
You are covered in fur. (AC +1)
You have tough skin. (AC +1)


Message History

The ufetubus barely misses you.
Unknown command.
You scratch the ufetubus.
The ufetubus is severely wounded.
The ufetubus barely misses you. You block the ufetubus's attack.
The ufetubus hits you but does no damage. x2
The ice beast hits you but does no damage.
Unknown command.
You scratch the ufetubus.
You kill the ufetubus!
The ufetubus slips past you!
The ufetubus hits you but does no damage.
You block the ufetubus's attack.
The ice beast hits you but does no damage.
The ufetubus hits you.
* * * LOW HITPOINT WARNING * * *
You block the ufetubus's attack.
You claw the ufetubus!
You kill the ufetubus!
You block the ice beast's attack.
Unknown command.
Unknown command.
You claw the ice beast!
The ice beast is heavily wounded.
The ice beast hits you.
* * * LOW HITPOINT WARNING * * *
The ice beast freezes you!
* * * LOW HITPOINT WARNING * * *
Unknown command.
You claw the ice beast!
The ice beast is almost dead.
The ice beast barely misses you.
Unknown command.
Unknown command.
You closely miss the ice beast.
The ice beast is almost dead.
The ice beast hits you.
* * * LOW HITPOINT WARNING * * *
The ice beast freezes you!
You die...

#.. ### .# ##.. #..
. #... #.##.# ##..<
##...#.#
#......###.#.#..###.
#$.. .............
#...#####......#
#...Y@.....<...#
#..######.....## #.
#.....# .. ###.###
## ..# ###


You could see an ice beast.

Vanquished Creatures
  A phantom (D:5)
  A jelly (D:5)
  A sleepcap (D:5)
  4 gnolls (D:2)
  2 adders
  A shadow imp (D:5)
  2 ufetubi (D:6)
  A ribbon worm (D:2)
  5 orcs (D:4)
  3 ball pythons
  An endoplasm (D:2)
  A giant cockroach (D:2)
  2 goblins (D:1)
  2 hobgoblins (D:2)
  2 jackals (D:4)
  4 quokkas
  5 bats
  3 frilled lizards
  8 kobolds
  2 rats (D:2)
51 creatures vanquished.

Notes
Turn   | Place    | Note
-------+----------+-------------------------------------------
     0 | D:1      | Biggs the Troll Fighter began the quest for the Orb.
     0 | D:1      | Reached XP level 1. HP: 22/22 MP: 0/0
   142 | D:2      | Reached XP level 2. HP: 29/29 MP: 1/1
   155 | D:2      | Reached skill level 3 in Unarmed Combat
   251 | D:2      | Reached XP level 3. HP: 36/36 MP: 2/2
   275 | D:2      | Reached skill level 4 in Unarmed Combat
   279 | D:2      | Reached XP level 4. HP: 21/44 MP: 3/3
   558 | D:3      | Identified the +0 plate armour of Somewhere Else {Harm
                  | rElec rF+}
   880 | D:4      | Found Ofeiwiuti's Antique Weapon Emporium.
   999 | D:5      | Entered Level 5 of the Dungeon
  1071 | D:5      | Found a hazy altar of Hepliaklqana.
  1075 | D:5      | Noticed a phantom
  1091 | D:5      | Killed a phantom
  1092 | D:5      | Reached skill level 5 in Unarmed Combat
  1092 | D:5      | Reached XP level 5. HP: 41/50 MP: 4/4
  1177 | D:5      | Reached skill level 6 in Unarmed Combat
  1275 | D:6      | Noticed an ice beast
  1287 | D:6      | Mangled by an ice beast

Illustrated notes

Levels and vault maps discovered:
D:1:      minmay_arrival_cross, layout_basic
D:2:      layout_loops_ring, minmay_randomly_rotated_circles
D:3:      layout_basic
D:4:      layout_loops_corners, kennysheep_windowed_goal
D:5:      layout_basic, nicolae_ru_the_path_less_chosen,
          mainiacjoe_overflow_boulevard, minmay_temple_entry_fiery
D:6:      layout_loops_ring, lemuel_doored_altar,
          minmay_overflow_temple_star_quad, chei_slow_surprise, serial_shops,
          nicolae_shop_tiny_statue_garden, palyth_stone_intersect

Skill      XL: |  1  2  3  4  5 |
---------------+----------------+-----
Unarmed Combat | 3 4 5 6 |  6.3
Fighting       | |  2.4
Dodging        | |  2.4
Shields        | |  2.6

Action                     |  1- 3 |  4- 6 || total
---------------------------+-------+-------++-------
  Melee: Unarmed           |    69 |    80 ||   149
   Stab: Sleeping          |       |     1 ||     1
 Armour: Robe              |    34 |    52 ||    86
  Dodge: Dodged            |    21 |    25 ||    46
  Block: Kite shield       |    47 |    52 ||    99
         Reflection        |       |     1 ||     1

Table legend: (Time is in decaauts)
 A = Elapsed time spent in this place.
 B = Non-inter-level travel time spent in this place.
 C = Inter-level travel time spent in this place.
 D = Time resting spent in this place.
 E = Time spent auto-exploring this place.
 F = Levels seen in this place.
 G = Mean time per level.
                   A        B        C        D        E       F      G
               +--------+--------+--------+--------+--------+-----+--------+
         Total |   1291 |   1291 |      0 |      0 |      0 |   6 |  215.2 |
       Dungeon |   1291 |   1291 |      0 |      0 |      0 |   6 |  215.2 |
               +--------+--------+--------+--------+--------+-----+--------+

Top non-repeatable levels by time:
     D:4: 394 daAuts
     D:2: 295 daAuts
     D:5: 269 daAuts
     D:3: 186 daAuts
     D:1: 127 daAuts
     D:6: 18 daAuts
